 Dungeon Crawl Stone Soup version 0.28-a0-445-g51f8dfeb47 (webtiles) character file.

Game seed: 11603353570069294248

67 Morbidden the Firebug (level 4, -2/40 HPs)
             Began as a Troll Fire Elementalist on Sept 12, 2021.
             Killed from afar by an orc wizard (9 damage)
             ... with a puff of flame
             ... on level 3 of the Dungeon.
             The game lasted 00:02:45 (1519 turns).

Morbidden the Firebug (Troll Fire Elementalist)     Turns: 1519, Time: 00:02:46

Health: -2/40      AC:  4    Str: 16    XL:     4   Next: 0%
Magic:  4/5        EV: 10    Int: 12    God:
Gold:   69         SH:  0    Dex: 10    Spells: 3/6 levels left

rFire   . . .      SeeInvis .     - Unarmed
rCold   + . .      Faith    .   (no shield)
rNeg    . . .      Spirit   .   a - +0 robe
rPois   .          Reflect  .   (helmet restricted)
rElec   .          Harm     .   (no cloak)
rCorr   .          Rampage  .   (gloves unavailable)
Will    .....                   (boots unavailable)
Stlth   +.........              (no amulet)
HPRegen 1.13/turn               k - ring of protection from cold
MPRegen 0.09/turn               (no ring)

@: lethally poisoned (-2 -> -3)
A: large, unfitting armour, claws 3, regeneration 1, shaggy fur 1, tough skin 1
a: no special abilities


You were on level 3 of the Dungeon.
You visited 1 branch of the dungeon, and saw 3 of its levels.

You collected 69 gold pieces.

Inventory:

Missiles
 j - 2 boomerangs (quivered)
Armour
 a - a +0 robe (worn)
Jewellery
 k - a ring of protection from cold (left claw)
Scrolls
 c - a scroll of noise {unknown}
 d - a scroll of identify {unknown}
 f - a scroll of magic mapping {unknown}
 h - a scroll of enchant armour {unknown}
 i - a scroll of brand weapon {unknown}
 m - a scroll of vulnerability {unknown}
Potions
 b - a potion of resistance {unknown}
 e - 2 potions of curing {unknown}
 g - a potion of flight {unknown}
 l - 2 potions of degeneration {unknown}


   Skills:
 * Level 0.3 Fighting
 * Level 2.0 Dodging
 + Level 1.1 Stealth
 * Level 1.8 Unarmed Combat
 * Level 1.5 Spellcasting
 * Level 1.1 Conjurations
 * Level 2.4 Fire Magic


You had 3 spell levels left.
You knew the following spells:

 Your Spells              Type           Power      Damage    Failure   Level
a - Foxfire               Conj/Fire      20%        2x1d5     14%         1
b - Scorch                Fire           12%        2d6       16%         2

Your spell library contained the following spells:

 Spells                   Type           Power      Damage    Failure   Level
 Conjure Flame            Conj/Fire      5%         6-21      38%         3
 Inner Flame              Hex/Fire       3%         N/A       45%         3
 Flame Wave               Conj/Fire      5%         3d4       80%         4


Dungeon Overview and Level Annotations

Branches:
Dungeon (3/15)

Altars:

Shops:
D:1 ?


Innate Abilities, Weirdness & Mutations

You are too large for most types of armour.
You have claws for hands.
Your natural rate of healing is unusually fast.
You are covered in fur. (AC +1)
You have tough skin. (AC +1)


Message History

Unknown command.
You're too confused to cast spells.
Unknown command.
You're too confused to cast spells.
You're too confused to cast spells.
Unknown command.
You're too confused to cast spells.
Unknown command.
You claw the orc!
You kill the orc!
You feel less confused. Something hits you.
You are more poisoned.
You have reached level 4!
You feel very sick. The orc misses you.
You hear some strange, mumbled words.
A puff of flame appears from out of thin air!
The puff of flame hits you.
You see here a +0 club.
Unknown command.
Unknown command.
Unknown command.
Unknown command.
You miss something.
You feel very sick. The orc barely misses you.
You hear some strange, mumbled words.
A magic dart appears from out of thin air!
The magic dart hits you!
* * * LOW HITPOINT WARNING * * *
You feel sick. Something hits you.
* * * LOW HITPOINT WARNING * * *
Casting: Foxfire (safe; 14% risk of failure)
Confirm with . or Enter, or press ? or * to list all spells.
Nothing appears to happen.
You feel sick. The orc closely misses you.
You hear some strange, mumbled words.
A puff of flame appears from out of thin air!
The puff of flame hits you!
You die...

#.#.# #.#.# ..
#.#.# #.#
..#####.#.# #.#
....)...#.# #.#
#...o#.# #.#
#o#.#######.##
#o#....[##...#####
#@{.....).†......#
#######.##.<.###.#
#.###.## #.# #.#
#.# #.. #.# ####
#.# ...


You could see 3 orcs.

Vanquished Creatures
  2 adders (D:2)
  A dart slug (D:2)
  2 orcs (D:3)
  5 ball pythons
  A bat (D:1)
  4 endoplasms
  3 goblins
  4 hobgoblins (D:2)
  7 jackals
  A quokka (D:2)
  2 frilled lizards
  4 kobolds
  5 rats
41 creatures vanquished.

Vanquished Creatures (others)
  29 foxfires (D:2)
29 creatures vanquished.

Grand Total: 70 creatures vanquished

Notes
Turn   | Place    | Note
-------+----------+-------------------------------------------
     0 | D:1      | Morbidden the Troll Fire Elementalist began the quest for
                  | the Orb.
     0 | D:1      | Reached XP level 1. HP: 16/16 MP: 1/1
    32 | D:1      | Found Kiofegol's Magic Scroll Shoppe.
   132 | D:1      | Found a faded altar of an unknown god.
   278 | D:1      | Reached XP level 2. HP: 17/24 MP: 3/3
   304 | D:1      | Reached skill level 1 in Conjurations
   683 | D:2      | Reached XP level 3. HP: 20/31 MP: 0/4
   957 | D:2      | Reached skill level 1 in Unarmed Combat
  1013 | D:2      | Learned a level 2 spell: Scorch
  1516 | D:3      | Reached XP level 4. HP: 27/40 MP: 5/5
  1519 | D:3      | Killed from afar by an orc wizard

Illustrated notes

Levels and vault maps discovered:
D:1:      dpeg_arrival_boxes_within_box, layout_basic,
          ebering_ecumenical_altar_mist, serial_shops, nicolae_square_shop,
          nrook_mini_backslash
D:2:      layout_loops_ring, skrybe_limestone_x
D:3:      layout_loops_ring, serial_shops, nicolae_shop_trees,
          nicolae_shop_temple_entry_statues_fountains, shop,
          nicolae_diamond_shop, shop, uniq_sigmund

Skill      XL: |  1  2  3 |
---------------+----------+-----
Conjurations   | 1 |  1.1
Dodging        | 2 |  2.0
Unarmed Combat | 1 |  1.8
Fighting       | |  0.3
Stealth        | |  1.1
Spellcasting   | |  1.5
Fire Magic     | |  2.4

Action                   |  1- 3 |  4- 6 || total
-------------------------+-------+-------++-------
Melee: Unarmed           |   122 |     1 ||   123
Throw: Boomerang         |     2 |       ||     2
 Cast: Foxfire           |    18 |     1 ||    19
 Stab: Sleeping          |     1 |       ||     1
Armor: Robe              |    50 |       ||    50
Dodge: Dodged            |    61 |     3 ||    64

Table legend: (Time is in decaauts)
 A = Elapsed time spent in this place.
 B = Non-inter-level travel time spent in this place.
 C = Inter-level travel time spent in this place.
 D = Time resting spent in this place.
 E = Time spent auto-exploring this place.
 F = Levels seen in this place.
 G = Mean time per level.
                   A        B        C        D        E       F      G
               +--------+--------+--------+--------+--------+-----+--------+
         Total |   1516 |   1424 |     92 |     63 |   1062 |   3 |  505.3 |
       Dungeon |   1516 |   1424 |     92 |     63 |   1062 |   3 |  505.3 |
               +--------+--------+--------+--------+--------+-----+--------+

Top non-repeatable levels by time:
     D:2: 862 daAuts
     D:1: 614 daAuts
     D:3: 39 daAuts
